 Seeded DCSS version 0.28-a0-1159-g27aa881441 (webtiles) character file.

Game seed: 20211214 (custom seed)

2 a11behringer the Chopper (level 1, 0/20 HPs)
             Began as a Hill Orc Cinder Acolyte on Dec 15, 2021.
             Was a High Priest of Ignis.
             Slain by a quokka (3 damage)
             ... on level 1 of the Dungeon.
             The game lasted 00:00:22 (131 turns).

a11behringer the Chopper (Hill Orc Cinder Acolyte)   Turns: 131, Time: 00:00:23

Health: 0/20       AC:  2    Str: 16    XL:     1   Next: 30%
Magic:  2/2        EV:  8    Int: 14    God:    Ignis [*****.]
Gold:   0          SH:  0    Dex:  6    Spells: 2/2 levels left

rFire   + . .      SeeInvis .   a - -1 hand axe (flame)
rCold   . . .      Faith    .   (no shield)
rNeg    . . .      Spirit   .   b - +0 robe
rPois   .          Reflect  .   (no helmet)
rElec   .          Harm     .   (no cloak)
rCorr   .          Rampage  .   (no gloves)
Will    .....                   (no boots)
Stlth   +.........              (no amulet)
HPRegen 0.06/turn               (no ring)
MPRegen 0.08/turn               (no ring)

@: constricted
A: no striking features
a: Renounce Religion, Fiery Armour, Foxfire Swarm, Rising Flame


You were on level 1 of the Dungeon.
You worshipped Ignis.
Ignis was extremely pleased with you.
You visited 1 branch of the dungeon, and saw 1 of its levels.

Inventory:

Hand Weapons
 a - a -1 hand axe of flaming (weapon)
Armour
 b - a +0 robe (worn)


   Skills:
 + Level 3.7 Fighting
 * Level 4.0 Axes
 + Level 1.0 Spellcasting
 + Level 3.4 Fire Magic


You had 2 spell levels left.
You didn't know any spells.
Your spell library contained the following spells:

 Spells                   Type           Power      Damage    Failure   Level
 Scorch                   Fire           20%        2d6       10%         2


Dungeon Overview and Level Annotations

Branches:
Dungeon (1/15)

Altars:


Message History

The endoplasm barely misses you.
You hit the endoplasm. You burn the endoplasm.
You kill the endoplasm!
No target in view!
HP restored.
A ball python comes into view.
The ball python hisses angrily.
A ball python is nearby!
A quokka comes into view.
Found a helmet.
The ball python bites you. The ball python barely misses you.
The ball python bites you but does no damage.
The ball python barely misses you.
You closely miss the ball python.
The ball python bites you but does no damage.
The ball python grabs you. The ball python constricts you.
The quokka closely misses you.
You completely miss the ball python. You hit the quokka. You burn the quokka.
The ball python barely misses you. The ball python constricts you.
The quokka bites you.
You barely miss the ball python. You barely miss the quokka.
The ball python bites you. The ball python constricts you.
The quokka bites you.
The ball python bites you but does no damage.
The ball python constricts you.
You are too injured to fight recklessly!
You are too injured to fight recklessly!
You are too injured to fight recklessly!
Unknown command.
You are too injured to fight recklessly!
You are too injured to fight recklessly!
You are too injured to fight recklessly!
You barely miss the ball python. You miss the quokka. The quokka bites you.
* * * LOW HITPOINT WARNING * * *
The ball python bites you.
* * * LOW HITPOINT WARNING * * *
The ball python constricts you.
* * * LOW HITPOINT WARNING * * *
You barely miss the ball python. You closely miss the quokka.
The quokka bites you.
You die...

###.......###...#
#...........#...#
#.8.......8.#...#
#...#####...#...#
#####...#####...#
...............#
...............#
.....⌠........##
....⌠.S@......#
......r.......#
[.......#######
#.#.###.# ... #..
#. ### #


You could see a quokka and a ball python.

Vanquished Creatures
  An endoplasm (D:1)
  A rat (D:1)
2 creatures vanquished.

Notes
Turn   | Place    | Note
-------+----------+-------------------------------------------
     0 | D:1      | a11behringer the Hill Orc Cinder Acolyte began the quest
                  | for the Orb.
     0 | D:1      | Reached XP level 1. HP: 19/19 MP: 2/2
   131 | D:1      | Slain by a quokka

Illustrated notes

Levels and vault maps discovered:
D:1:      wander_arrival_estate, layout_loops_ring, serial_forest,
          infiniplex_forest_clump_small, infiniplex_forest_diagonal,
          infiniplex_forest_side_room, infiniplex_forest_lined_2,
          infiniplex_forest_clump_curved, infiniplex_forest_end_3,
          infiniplex_forest_clump_curved, infiniplex_forest_straight_4

Action                   || total
-------------------------++-------
Melee: Hand axe          ||     9
Armor: Robe              ||     3
Dodge: Dodged            ||     5

Table legend: (Time is in decaauts)
 A = Elapsed time spent in this place.
 B = Non-inter-level travel time spent in this place.
 C = Inter-level travel time spent in this place.
 D = Time resting spent in this place.
 E = Time spent auto-exploring this place.
 F = Levels seen in this place.
 G = Mean time per level.
                   A        B        C        D        E       F      G
               +--------+--------+--------+--------+--------+-----+--------+
         Total |    131 |    131 |      0 |      0 |    113 |   1 |  131.0 |
       Dungeon |    131 |    131 |      0 |      0 |    113 |   1 |  131.0 |
               +--------+--------+--------+--------+--------+-----+--------+

Top non-repeatable levels by time:
     D:1: 131 daAuts
